 Dungeon Crawl Stone Soup version 0.32-a0-814-g0968bab981 (webtiles) character file.

Game seed: 5079610607544634446

209 smashvw the Sneak (level 6, 0/38 HPs)
             Began as a Kobold Brigand on Mar 22, 2024.
             Slain by a kobold brigand
             ... wielding a +0 short sword
              (2 damage)
             ... in a sewer.
             The game lasted 00:11:22 (3363 turns).

smashvw the Sneak (Kobold Brigand)                  Turns: 3363, Time: 00:11:23

Health: 0/38       AC:  9    Str:  9    XL:     6   Next: 12%
Magic:  6/6        EV:  6    Int: 12    God:
Gold:   158        SH:  0    Dex: 18    Spells: 5/5 levels left

rFire   . . .        a - +2 dagger
rCold   . . .        (no shield)
rNeg    . . .        j - +0 chain mail
rPois   .            (no helmet)
rElec   .            c - +0 cloak
rCorr   .            (no gloves)
SInv    .            (no boots)
Will    .....        p - amulet of regeneration
Stlth   ++           (no ring)
HPRegen 1.06/turn    (no ring)
MPRegen 0.10/turn

%: no passive effects
@: lethally poisoned (0 -> -5)
A: small, no large weapons, nightstalker 3
a: no special abilities


You were in a sewer.
You visited 1 branch of the dungeon, and saw 4 of its levels.
You also visited: Sewer.

You collected 158 gold pieces.

Inventory:

Hand Weapons
 a - a +2 dagger (weapon)
Missiles
 d - 19 poisoned darts
 e - 3 curare-tipped darts
 g - 46 stones
 q - 2 boomerangs
Armour
 b - a +0 robe
 c - a +0 cloak (worn)
 j - a +0 chain mail (worn)
 v - the +4 ring mail of Goull {rF+ rC+ Str-3}
   (You found it on level 4 of the Dungeon)

   Str-3:     It affects your strength (-3).
   rF+:       It protects you from fire.
   rC+:       It protects you from cold.
Jewellery
 p - an amulet of regeneration (around neck)
 t - a ring of positive energy
 u - a ring of see invisible
 w - an amulet of magic regeneration
Wands
 o - a wand of flame (5) (quivered)
Scrolls
 f - 2 scrolls of identify
 l - 2 scrolls of amnesia
 m - a scroll of immolation
Potions
 i - a potion of berserk rage {unknown}
 r - a potion of resistance {unknown}
 s - a potion of invisibility {unknown}
 x - a potion of lignification {unknown}


   Skills:
 + Level 3.8 Fighting
 + Level 4.6 Short Blades
 - Level 2.5 Throwing
 + Level 3.6 Dodging
 - Level 6.0 Stealth


You had 5 spell levels left.
You didn't know any spells.
Your spell library contained the following spells:

 Spells                   Type           Power      Damage    Failure   Level
 Freeze                   Ice            0%         1d3       100%        1
 Sandblast                Erth           0%         2d4       100%        1
 Frozen Ramparts          Ice            0%         1d1       100%        3
 Hailstorm                Conj/Ice       0%         3d5       100%        3
 Stone Arrow              Conj/Erth      0%         3d7       100%        3
 Brom's Barrelling Bould  Conj/Erth      0%         2d3       100%        4


Dungeon Overview and Level Annotations

Branches:
Dungeon (4/15)              Sewer (1/1)
 Temple: D:4-7

Altars:
Cheibriados


Innate Abilities, Weirdness & Mutations

You are small and have problems with some larger weapons.
You are completely attuned to the shadows.


Message History

The kobold brigand hits you but does no damage.
The kobold barely misses you.
The ufetubus hits you but does no damage.
The ufetubus hits you.
Aiming: Throw Flame
Press: ? - help, Q - select action, (/) - cycle Shift-Dir - straight line, f/p - kobold brigand
Aim: a kobold brigand, wielding a +0 short sword and quivering poisoned darts (lightly wounded, 60% to hit)
The puff of flame misses the kobold brigand.
You feel very sick.
The ufetubus hits you but does no damage. x2
The kobold brigand hits you with a +0 short sword.
The kobold hits you with a +2 dagger of venom.
You are more poisoned.
Aiming: Throw Flame
Press: ? - help, Q - select action, (/) - cycle Shift-Dir - straight line, f/p - kobold brigand
Aim: a kobold brigand, wielding a +0 short sword and quivering poisoned darts (lightly wounded, 60% to hit)
The puff of flame hits the kobold brigand.
The kobold brigand is moderately wounded.
You feel very sick. The ufetubus hits you.
* * * LOW HITPOINT WARNING * * *
The ufetubus hits you but does no damage.
The kobold brigand hits you with a +0 short sword.
* * * LOW HITPOINT WARNING * * *
The kobold closely misses you.
The ufetubus hits you but does no damage. x2
Aiming: Throw Flame
Press: ? - help, Q - select action, (/) - cycle Shift-Dir - straight line, f/p - kobold brigand
Aim: a kobold brigand, wielding a +0 short sword and quivering poisoned darts (moderately wounded, 60% to hit)
Okay, then.
As you read the scroll labelled ULUCAN MYSCH, it crumbles to dust.
The creatures around you are filled with an inner flame!
It was a scroll of immolation.
* * * LOW HITPOINT WARNING * * *
You feel very sick. The ufetubus hits you.
* * * LOW HITPOINT WARNING * * *
The ufetubus barely misses you.
The kobold brigand hits you with a +0 short sword.
You die...

##§§☼## #§§§§§#
#§§☼§§# #§§KK§#
#§§§@§# ≈≈≈≈≈
#☼§§5§# ≈≈≈≈≈~.#
#§§§§§# ≈≈≈~~..#.~
##§§§## ~≈~~...#.~
#☼☼§§§##
.###.####.###..§...#
.....≈≈#...#..)..§.+
....≈≈≈~...')§._...+
....)≈≈#...#.....§.+


You could see a kobold brigand (inner flame), an ufetubus (inner flame) and a
kobold (inner flame).

Vanquished Creatures
  A bombardier beetle (D:4)
  A quasit (Sewer)
  An iguana (D:3)
  A shadow imp (Sewer)
  2 dart slugs
  6 orcs
  2 bats
  A bat zombie (Sewer)
  12 endoplasms
  7 giant cockroaches
  7 goblins
  9 hobgoblins
  8 jackals
  12 kobolds
  3 quokkas
  6 ball pythons
  A frilled lizard (D:3)
  A giant cockroach zombie (Sewer)
  8 rats
89 creatures vanquished.

Vanquished Creatures (others)
  An endoplasm (Sewer)
1 creature vanquished.

Grand Total: 90 creatures vanquished

Notes
Turn   | Place    | Note
-------+----------+-------------------------------------------
     0 | D:1      | smashvw the Kobold Brigand began the quest for the Orb.
     0 | D:1      | Reached XP level 1. HP: 12/12 MP: 1/1
   340 | D:1      | Found a faded altar of an unknown god.
   343 | D:1      | Reached XP level 2. HP: 18/18 MP: 2/2
   672 | D:1      | Reached XP level 3. HP: 14/22 MP: 3/3
  1391 | D:2      | Found a snail-covered altar of Cheibriados.
  1962 | D:3      | Reached XP level 4. HP: 6/27 MP: 4/4
  2133 | D:3      | Reached skill level 6 in Stealth
  2521 | D:2      | Reached XP level 5. HP: 27/32 MP: 5/5
  2908 | D:4      | Identified the +4 ring mail of Goull {rF+ rC+ Str-3}
  3160 | D:4      | Found a glowing drain.
  3167 | Sewer    | Entered a sewer
  3304 | Sewer    | Found a burning altar of Makhleb.
  3326 | Sewer    | Reached XP level 6. HP: 37/38 MP: 6/6
  3363 | Sewer    | Slain by a kobold brigand

Illustrated notes

Levels and vault maps discovered:
D:1:      lightli_arrival_windingriver, layout_loops_cross,
          shapermc_ecumenical_altar_gd, hangedman_decor_push,
          minmay_misc_feat_enclosed
D:2:      layout_basic, basic_altar, kennysheep_nondescript, minivault_24,
          minmay_quadrilaterals
D:3:      layout_rooms, dk_vineyard_3, kennysheep_another_room
D:4:      layout_gridville, nicolae_overflow_two_pavilions, portal_sewer_entry_a
Sewer:    kennysheep_sewer_church

Skill      XL: |  1  2  3  4  5 |
---------------+----------------+-----
Short Blades   | 3 4 |  4.6
Dodging        | 2 3 |  3.6
Fighting       | 3 |  3.8
Stealth        | 6 |  6.0
Throwing       | |  2.5

Action                     |  1- 3 |  4- 6 || total
---------------------------+-------+-------++-------
  Melee: Dagger            |   114 |   237 ||   351
  Throw: Stone             |     2 |     3 ||     5
         Dart              |       |     1 ||     1
  Evoke: Wand              |       |     8 ||     8
    Use: Scroll            |       |     5 ||     5
         Potion            |       |     3 ||     3
   Stab: Sleeping          |     7 |     9 ||    16
         Distracted        |     1 |     1 ||     2
 Armour: Chain mail        |   106 |   276 ||   382
  Dodge: Dodged            |    30 |   109 ||   139

Table legend: (Time is in decaauts)
 A = Elapsed time spent in this place.
 B = Non-inter-level travel time spent in this place.
 C = Inter-level travel time spent in this place.
 D = Time resting spent in this place.
 E = Time spent auto-exploring this place.
 F = Levels seen in this place.
 G = Mean time per level.
                   A        B        C        D        E       F      G
               +--------+--------+--------+--------+--------+-----+--------+
         Total |   3311 |   3148 |    163 |      9 |   2415 |   5 |  662.2 |
       Dungeon |   3129 |   2966 |    163 |      9 |   2338 |   4 |  782.2 |
         Sewer |    182 |    182 |      0 |      0 |     77 |   1 |  182.0 |
               +--------+--------+--------+--------+--------+-----+--------+

Top non-repeatable levels by time:
     D:1: 1075 daAuts
     D:2: 879 daAuts
     D:3: 875 daAuts
     D:4: 298 daAuts
   Sewer: 182 daAuts
